 BcadrenCrawl: Boulder Brew version 0.04.2-10-g17648f679b (webtiles) character file.

Game seed: 14882607762970781133, levelgen mode: deterministic

19014 gruber the Archer (level 12, -4/94 HPs) Centaur Demonspawn. Began on May 2, 2021. Was the Champion of Okawaru. Killed from afar by an electric eel (7 damage) ... with a bolt of electricity ... on level 7 of the Dungeon. The game lasted 00:28:05 (9675 turns).

gruber the Archer (Centaur Demonspawn)              Turns: 9675, Time: 00:28:06

Health: -4/94      AC: 17    Str: 23    XL:     12 ^: 10870
Magic:  14/14      EV: 24    Int: 16    God:    Okawaru [6* [173]]
Gold:   531        SH:  0    Dex: 10    Spells: 7/13 levels left

rFire    . . .     Vision   .     - Unarmed
rCold    . . .     Gourm    .     - Unarmed
rNeg     + + +     Faith    .   (armour currently unavailable)
rPois    +         Spirit   .   (helmet currently unavailable)
rElec    .         Reflect  .   (cloak currently unavailable)
rCorr    +         Harm     .   (gloves unavailable)
MR       .....                  (no barding)
Stlth    ++........             b - amulet of rage
HPRegen  0.41/turn              L - ring of evasion
MPRegen  0.24/turn              e - ring of protection

@: fungus-form, very slightly contaminated, invisible
A: tiny, thin skeletal structure 1, clever 1, demonic guardian 2
a: Heroism, Finesse, Renounce Religion, Evoke Berserk Rage


You were on level 7 of the Dungeon.
You worshipped Okawaru.
Okawaru was exalted by your worship.
You were not hungry.
You were a sentient fungus.
You visited 2 branches of the dungeon, and saw 8 of its levels.
You also visited: Gauntlet.

You collected 531 gold pieces.

Inventory:

Weapons
 i - a -1 longbow (melded)
 I - a +0 shortbow
 M - a +6 hatchet of electrocution
Armour
 o - the +2 ring mail of Polish {rN+ MR++ Dex-3 +Vis}
   (Okawaru gifted it to you in a Gauntlet)

   It affects your dexterity (-3).
   It protects you from negative energy.
   It affects your resistance to hostile enchantments.
   It improves your vision.
 p - a +2 centaur barding of cold resistance (melded)
 z - the +2 ring mail "Luivai" (melded) {Slay+2}
   (You found it on level 4 of the Dungeon)

   It affects your accuracy and damage with ranged weapons and melee attacks
   (+2).
 E - a +0 cloak (melded)
 F - the +5 ring mail of Melancholy {Dex+4}
   (You found it on level 5 of the Dungeon)

   It affects your dexterity (+4).
Jewellery
 b - an amulet of rage (around neck)
 e - a ring of protection (right hypha)
 m - an uncursed ring of intelligence
 G - an uncursed ring of protection from magic
 H - a cursed ring of fire {(Curse: MR-)}
 J - the cursed ring of Abridghajuo {*Tele rF++ Str-3 Int+5, (Curse: *Corrode)}
   (You found it in a Gauntlet)

   [ring of teleportation]

   It may teleport you next to monsters.
   It affects your strength (-3).
   It affects your intelligence (+5).
   It greatly protects you from fire.
   It has a curse placed upon it.
   { (Curse: *Corrode)}
 K - a cursed ring of wizardry {(Curse: Stlth-)}
 L - a ring of evasion (left hypha)
 O - an uncursed ring of strength
Wands
 r - a wand of flame (46)
 s - a wand of acid (9)
 t - a wand of scattershot (6)
 A - a wand of iceblast (15)
 B - a wand of random effects (11)
 N - a wand of clouds (5)
Scrolls
 a - 3 scrolls of summoning
 k - 7 scrolls of teleportation
 l - 3 scrolls of fog
 n - 5 scrolls of magic mapping
 v - 5 scrolls of blinking
 x - 3 scrolls of bless item
 y - 3 scrolls of fear
Potions
 c - 4 potions of ambrosia
 f - a potion of agility
 g - a potion of resistance
 h - 4 potions of heal wounds
 j - 4 potions of curing
 q - a potion of brilliance
 u - a potion of berserk rage
 w - a potion of magic
 D - 2 potions of invisibility
Comestibles
 d - 16 rations


   Skills:
 - Level 5.0 Fighting
   Level 1.7 Polearms
 * Level 13.5 Bows
 - Level 7.0 Armour
 - Level 2.1 Dodging
 - Level 1.1 Stealth
   Level 4.0 Shields
 - Level 9.0 Unarmed Combat
 - Level 1.0 Spellcasting
 - Level 1.7 Fire Magic
 - Level 2.6 Invocations


You had 7 spell levels left.
You knew the following spells:

 Your Spells              Type           Power        Failure   Level  Hunger
a - Flame Tongue          Fire           6 (30)       11%         1    ##.....
b - Blink                 Tloc           N/A          34%         2    ###....
c - Mephitic Cloud        Pois/Air       0 (100)      56%         3    ####...

Your spell library contained the following spells:

 Spells                   Type           Power        Failure   Level  Hunger
 Conjure Flame            Fire           6 (100)      32%         3    ####...
 Call Imp                 Summ           0 (100)      34%         2    ###....
 Passwall                 Tmut/Erth      0 (120)      34%         2    ###....
 Slow                     Hex            0 (100)      34%         2    ###....
 Throw Frost              Ice            0 (50)       34%         2    ###....
 Leda's Liquefaction      Tmut/Erth      0 (200)      92%         4    #####..
 Lee's Rapid Deconstruct  Erth           0 (200)      99%         5    ######.
 Bolt of Cold             Ice            0 (200)      100%        6    #######


Dungeon Overview and Level Annotations

Branches:
Dungeon (7/8)              Temple (1/1) D:4            Lair (0/6) D:5
    Orc (0/2) D:6         Gauntlet (visited)
 Vaults: D:7

Altars:
Ashenzari
Cheibriados
Dithmenos
Elyvilon
Fedhas Madash
Gozag Ym Sagoz
Hepliaklqana
Kikubaaqudgha
Makhleb
Nemelex Xobeh
Okawaru
Qazlal
Ru
Sif Muna
Trog
Uskayaw
Vehumet
Wu Jian
Xom
Yredelemnul
Zin
The Shining One

Annotations:
D:4 1 runed translucent door, EtherCrawl's ghost, novice FoNo


Innate Abilities, Weirdness & Mutations

((You have claws for hands. (+6 Unarmed)))
((You have hooves in place of feet.))
You have a somewhat thin skeletal structure. (Dex +2, Stealth)
((Armour fits poorly on your strangely shaped body.))
A demonic guardian rushes to your aid.
((You cover ground very quickly.))
((You have extremely tough skin. (AC +3)))
Your mind is acute. (Int +2)


Message History

The bolt of electricity misses you.
Unknown command.
Unknown command.
Unknown command.
Unknown command.
Unknown command.
Unknown command.
Unknown command.
The electric eel shoots out a bolt of lightning at you!
The bolt of electricity misses you. The bolt of electricity hits you (8)!
* * * LOW HITPOINT WARNING * * *
The electric eel shoots out a bolt of lightning at you!
The bolt of electricity misses you. x2
Unknown command.
Unknown command.
The electric eel shoots out a bolt of lightning at you!
The bolt of electricity hits you (10)!
* * * LOW HITPOINT WARNING * * *
The bolt of electricity hits you (7)!
You die...

################
#######........#......
##..../f...............
##.....)....≈≈.......≈≈.
#....≈.≈≈≈.≈≈≈≈.≈.≈..≈≈≈
.......≈P;≈≈≈≈≈≈≈≈≈≈≈≈≈≈≈
.....≈≈≈≈≈≈≈≈≈≈≈≈≈≈≈≈≈≈≈≈
..≈.≈≈≈≈≈≈≈≈≈≈≈≈≈≈≈≈≈≈≈≈≈
..?≈≈≈≈≈≈≈≈≈≈≈≈≈.≈≈P≈≈≈..
.≈≈≈≈≈≈≈P≈≈≈≈..†.........
.≈≈≈≈≈≈P≈≈.†.............


You could see a submerged electric eel.

Vanquished Creatures
  Snorg (D:7)
  A minotaur (Gauntlet)
  An ogre mage (D:7)
  An unseen horror (D:7)
  2 skeletal warriors (D:7)
  A fire crab (Gauntlet)
  A two-headed ogre (D:5)
  A tengu warrior (D:7)
  A hydra (D:6)
  A manticore (D:6)
  An ugly thing (D:6)
  A troll (D:5)
  A komodo dragon (D:6)
  A queen bee (D:4)
  2 hornets (D:5)
  A vampire (D:6)
  2 chaos elementals (Gauntlet)
  A neqoxec (Gauntlet)
  2 hippogriffs (D:5)
  4 water elementals (D:6)
  2 yaks (D:6)
  5 fire bats (Gauntlet)
  A wyvern (D:6)
  A basilisk (D:7)
  2 acid dragons
  A slime creature (D:6)
  A vampire mosquito (D:7)
  2 guardian mummies (D:3)
  A wolf spider zombie (D:6)
  A warg (D:6)
  3 hell hounds (Gauntlet)
  5 orc warriors
  A phantom (D:3)
  3 necrophages
  8 scorpions
  2 porcupines (D:5)
  2 black bears
  3 ice beasts (D:5)
  4 sky beasts
  3 ogres
  A crocodile (D:6)
  4 big kobolds
  8 bullfrogs
  3 centaurs
  A meliai zombie (D:4)
  A spectral scorpion (D:3)
  A howler monkey (D:5)
  15 killer bees (D:4)
  A quasit (D:4)
  10 wights
  3 electric eels (D:7)
  2 crimson imps (D:4)
  A spectral water moccasin (D:3)
  Crazy Yiuf (D:4)
  A gnoll shaman (D:4)
  2 hounds
  12 jellies
  5 mummies (D:3)
  8 orc priests
  2 iguanas
  5 orc wizards
  5 worker ants
  A water moccasin zombie (D:6)
  A wyvern skeleton (D:4)
  A spectral porcupine (D:3)
  3 giant cockroaches
  An iron imp (D:4)
  7 bullfrog zombies
  A porcupine zombie (D:3)
  6 bullfrog skeletons
  9 adders
  7 gnolls
  40 sewer rats (D:2)
  A spectral howler monkey (D:3)
  A spectral orc (D:3)
  3 spectral worker ants (D:3)
  13 cinder newts
  7 worms
  A spectral hound (D:3)
  A giant cockroach zombie (D:3)
  2 hound zombies (D:3)
  2 howler monkey zombies (D:3)
  A hound skeleton (D:3)
  6 oozes
  A worker ant zombie (D:3)
  2 giant cockroach simulacra (D:3)
  2 hound simulacra (D:3)
  A howler monkey simulacrum (D:3)
  2 howler monkey skeletons (D:3)
  2 dart slugs (D:1)
  5 leopard geckos
  30 orcs
  4 spectral adders (D:3)
  A spectral cinder newt (D:3)
  An adder simulacrum (D:3)
  5 adder skeletons
  3 adder zombies
  2 ball pythons
  6 bats
  A cinder newt skeleton (D:2)
  5 goblins
  5 hobgoblins (D:1)
  A quokka (D:4)
  A ball python skeleton (D:3)
  A ball python zombie (D:3)
  2 bat skeletons (D:2)
  A goblin skeleton (D:2)
  2 jackal simulacra (D:3)
  A jackal skeleton (D:3)
  A jackal zombie (D:3)
  22 kobolds
  3 leopard gecko skeletons (D:3)
  2 leopard gecko zombies (D:3)
  A quokka skeleton (D:3)
  A quokka zombie (D:3)
  6 rats
  2 spectral jackals (D:3)
  A spectral leopard gecko (D:3)
  A spectral quokka (D:3)
  A butterfly (D:4)
  7 withered plants (D:2)
420 creatures vanquished.

Vanquished Creatures (collateral kills)
  A crocodile (D:2)
  A centaur (D:5)
  An electric eel (D:7)
  A gnoll shaman (D:5)
  An orc wizard (D:3)
  A bullfrog zombie (D:3)
  A gnoll (D:5)
  A sewer rat (D:2)
  A leopard gecko (D:2)
  3 orcs
  2 kobolds (D:2)
14 creatures vanquished.

Vanquished Creatures (others)
  A jelly (D:2)
  2 ball pythons (D:2)
  A bat skeleton (D:2)
  5 kobolds (D:2)
  2 plants (D:7)
  A slimehead (D:2)
  131 withered plants (D:2)
143 creatures vanquished.

Grand Total: 577 creatures vanquished

Notes
Turn   | Place    | Note
-------+----------+-------------------------------------------
     0 | D:1      | gruber the Centaur Demonspawn began the quest for the Orb.
     0 | D:1      | Reached XP level 1. HP: 15/15 MP: 2/2
    22 | D:1      | Reached skill level 1 in Fighting
    24 | D:1      | Gained mutation: You have sharp fingernails. (+2 Unarmed)
                  | [demonic ancestry]
    24 | D:1      | Reached XP level 2. HP: 23/24 MP: 4/4
   119 | D:1      | Reached XP level 3. HP: 30/30 MP: 5/5
   677 | D:2      | Gained mutation: You have very sharp fingernails. (+4
                  | Unarmed) [demonic ancestry]
   677 | D:2      | Reached XP level 4. HP: 35/38 MP: 6/6
   873 | D:2      | Noticed a big kobold
   923 | D:1      | Killed a big kobold
   923 | D:1      | Reached skill level 1 in Shields
   923 | D:1      | Reached XP level 5. HP: 13/45 MP: 7/7
  1281 | D:2      | Gained mutation: A weak demonic guardian rushes to your
                  | aid. [demonic ancestry]
  1281 | D:2      | Reached XP level 6. HP: 49/51 MP: 8/8
  1475 | D:2      | Found a sparkling altar of Nemelex Xobeh.
  1565 | D:2      | Reached skill level 1 in Unarmed Combat
  1565 | D:2      | Reached XP level 7. HP: 29/57 MP: 9/9
  2614 | D:2      | Gained mutation: You have claws for hands. (+6 Unarmed)
                  | [demonic ancestry]
  2614 | D:2      | Reached XP level 8. HP: 49/63 MP: 10/10
  3220 | D:3      | Reached skill level 5 in Unarmed Combat
  3626 | D:3      | Learned a level 2 spell: Blink
  3630 | D:3      | Learned a level 3 spell: Mephitic Cloud
  4026 | D:3      | Found a radiant altar of Vehumet.
  4306 | D:3      | Identified a scroll of acquirement
  4387 | D:3      | Reached XP level 9. HP: 69/70 MP: 11/11
  4854 | D:3      | Gained mutation: Your mind is acute. (Int +2) [potion of
                  | mutation]
  5008 | D:4      | Found a staircase to the Ecumenical Temple.
  5037 | D:4      | Reached skill level 1 in Armour
  5045 | Temple   | Entered the Ecumenical Temple
  5149 | Temple   | Became a worshipper of Warmaster Okawaru
  5252 | D:4      | Identified the +2 ring mail "Luivai" {Slay+2}
  5488 | D:4      | Reached * piety under Okawaru
  5495 | D:4      | Received a gift from Okawaru
  5495 | D:4      | Gained mutation: You have a somewhat thin skeletal
                  | structure. (Dex +2, Stealth) [demonic ancestry]
  5495 | D:4      | Reached XP level 10. HP: 60/77 MP: 9/12
  5617 | D:4      | Reached skill level 5 in Armour
  5628 | D:4      | Found a runed translucent door.
  5628 | D:4      | Noticed EtherCrawl's ghost (novice FoNo)
  5629 | D:4      | Noticed a two-headed ogre
  5801 | D:4      | Found a glowing golden altar of the Shining One.
  5820 | D:4      | Reached ** piety under Okawaru
  5920 | D:4      | Found a runed translucent door.
  5921 | D:4      | Noticed Crazy Yiuf
  6251 | D:4      | Killed Crazy Yiuf
  6487 | D:5      | Entered Level 5 of the Dungeon
  6547 | D:5      | Identified the cursed ring "Kaips" {Ice MR+ Str-4 Dex+2,
                  | (Curse: Fragile)}
  6558 | D:5      | Noticed a two-headed ogre
  6769 | D:5      | Found a staircase to the Lair.
  6772 | D:5      | Identified the +5 ring mail of Melancholy {Dex+4}
  6853 | D:5      | Reached *** piety under Okawaru
  6866 | D:5      | Received a gift from Okawaru
  7062 | D:5      | Killed a two-headed ogre
  7062 | D:5      | Reached skill level 5 in Fighting
  7119 | D:5      | Reached XP level 11. HP: 68/86 MP: 13/13
  7136 | D:5      | Reached skill level 1 in Bows
  7257 | D:5      | Reached **** piety under Okawaru
  7297 | D:5      | Reached skill level 2 in Bows
  7347 | D:5      | Reached skill level 3 in Bows
  7555 | D:6      | Reached skill level 4 in Bows
  7680 | D:6      | Found a gate leading to a gauntlet.
  7728 | Gauntlet | Entered a Gauntlet
  7728 | Gauntlet | Found a transporter.
  7728 | Gauntlet | Found a transporter.
  7731 | Gauntlet | Noticed a soul eater
  7747 | Gauntlet | Found a transporter.
  7750 | Gauntlet | Found a transporter.
  7758 | Gauntlet | Found a transporter.
  7762 | Gauntlet | Found a transporter.
  7770 | Gauntlet | Found a transporter.
  7771 | Gauntlet | Identified the cursed ring of Abridghajuo {*Tele rF++ Str-3
                  | Int+5, (Curse: *Corrode)}
  7779 | Gauntlet | Noticed a fire crab
  7786 | Gauntlet | Found a transporter.
  7800 | Gauntlet | Found a transporter.
  7804 | Gauntlet | Found a transporter.
  7806 | Gauntlet | Found a runed translucent gate.
  7806 | Gauntlet | Found a runed translucent gate.
  7806 | Gauntlet | Found a runed translucent gate.
  7812 | Gauntlet | Found a transporter.
  7816 | Gauntlet | Found a transporter.
  7817 | Gauntlet | Found the +2 hat of the High Council {Archmagi, Wiz-
                  | Stlth-}
  7866 | Gauntlet | Reached skill level 5 in Bows
  7871 | Gauntlet | Identified the +2 ring mail of Polish {rN+ MR++ Dex-3 +Vis}
                  | (Okawaru gifted it to you in a Gauntlet)
  7871 | Gauntlet | Received a gift from Okawaru
  8072 | Gauntlet | Reached skill level 6 in Bows
  8076 | Gauntlet | Killed a fire crab
  8076 | Gauntlet | Reached skill level 7 in Bows
  8085 | Gauntlet | Reached ***** piety under Okawaru
  8085 | Gauntlet | Reached skill level 8 in Bows
  8117 | Gauntlet | Identified the +6 scimitar "Killer Bee's Regret"
                  | {antimagic, rF+}
  8117 | Gauntlet | Noticed a minotaur
  8124 | Gauntlet | Killed a minotaur
  8141 | Gauntlet | Identified the Reference Book on Ignition
  8274 | D:6      | Reached skill level 9 in Bows
  8325 | D:6      | Found a staircase to the Orcish Mines.
  8384 | D:6      | Reached skill level 10 in Bows
  8699 | D:6      | Reached skill level 11 in Bows
  8749 | D:6      | Noticed a seven-headed hydra
  8758 | D:6      | Killed a seven-headed hydra
  8926 | D:6      | Received a gift from Okawaru
  9313 | D:7      | Noticed a skeletal warrior
  9337 | D:7      | Killed a skeletal warrior
  9337 | D:7      | Reached skill level 12 in Bows
  9337 | D:7      | Gained mutation: A demonic guardian rushes to your aid.
                  | [demonic ancestry]
  9337 | D:7      | Reached XP level 12. HP: 94/94 MP: 14/14
  9372 | D:7      | Reached ****** piety under Okawaru
  9426 | D:7      | Identified the cursed amulet "Ylloed" {*Corrode -Vis Str+7,
                  | (Curse: Fragile rF-)}
  9533 | D:7      | Received a gift from Okawaru
  9533 | D:7      | Reached skill level 13 in Bows
  9583 | D:7      | Noticed Snorg
  9601 | D:7      | Killed Snorg
  9675 | D:7      | HP: 3/94 [electric eel/bolt of electricity (10)]
  9675 | D:7      | Killed from afar by an electric eel

Levels and vault maps discovered:
D:1:      dpeg_arrival_windows_large_door, layout_basic,
          hangedman_abyss_or_decor_stabs
D:2:      layout_sewer, first_ration, basic_altar, minmay_crystal_room
D:3:      layout_rooms, marbit_many_paths, ossuary_boxes_badplayer
D:4:      layout_stronghold, temple_pool_b, ebering_ghost_inner_flame,
          basic_altar, david_nohive_1, uniq_crazy_yiuf_cottage
D:5:      layout_gridville, lair_entry_dummy
D:6:      layout_loops_corners, erik_orc_4, gauntlet_entry_generic,
          nicolae_underground_beach
D:7:      layout_long_grid, grunt_vaults_entry_fortified, chequers_big_river,
          uniq_snorg, uniq_roxanne
Temple:   kilobyte_greek_temple

Skill      XL: |  1  2  3  4  5  6  7  8  9 10 11 12 |
---------------+-------------------------------------+-----
Fighting       | 1 2 3 5 |  5.0
Shields        | 1 3 4 |  4.0
Unarmed Combat | 1 4 7 9 |  9.0
Armour         | 4 7 |  7.0
Bows           | 12 13 | 13.5
Polearms       | |  1.7
Dodging        | |  2.1
Stealth        | |  1.1
Spellcasting   | |  1.0
Fire Magic     | |  1.7
Invocations    | |  2.6

Action                   |  1- 3 |  4- 6 |  7- 9 | 10-12 || total
-------------------------+-------+-------+-------+-------++-------
Melee: Unarmed           |   143 |   240 |   513 |   292 ||  1188
       Trident           |    13 |       |       |       ||    13
       Kick              |     5 |    28 |    65 |    31 ||   129
 Fire: Arbalest          |       |       |    62 |     2 ||    64
       Shortbow          |       |       |       |   204 ||   204
       Longbow           |       |       |       |   102 ||   102
Invok: Heroism           |       |       |     1 |     3 ||     4
  Use: Potion            |       |       |     2 |     1 ||     3
       Scroll            |       |       |     1 |       ||     1
 Stab: Sleeping          |       |       |       |     1 ||     1
  Eat: Chunk             |       |     1 |     8 |     8 ||    17
       Ration            |       |       |     1 |     1 ||     2
Armor: Leather armour    |    13 |    55 |    83 |       ||   151
       Ring mail         |       |       |    16 |    86 ||   102
Dodge: Dodged            |    30 |    90 |   138 |    67 ||   325
Block: Buckler           |       |     2 |     7 |       ||     9
